Devils vs MapleLeafs

Created - Monday, December 14, 2015 at 03:12

Goals
1 2 3 T
Devils 0 0 0 0
MapleLeafs 0 1 0 1
Shots
1 2 3 T
Devils 9 11 10 30
MapleLeafs 9 7 11 27

1st period

No Goal

Penalties :
Dainius Zubrus (Tor) for High sticking (Minor) at 8:02, Lee Stempniak (Tor) for Roughing (Minor) at 14:00, Drew Doughty (Tor) for Tripping (Minor) at 14:13, Dainius Zubrus (Tor) for Cross-checking (Minor) at 18:01

2nd period

1. MapleLeafs , James van Riemsdyk 14 (Dan Girardi) at 3:43 (PP)

Penalties :
Paul Stastny (NJD) for Hooking (Minor) at 3:27, Alexander Steen (Tor) for Interference (Minor) at 6:35, Mikko Koivu (Tor) for Hooking (Minor) at 8:08, Dainius Zubrus (Tor) for Tripping (Minor) at 17:19, Mikko Koivu (Tor) for Hooking (Minor) at 18:07

3rd period

No Goal

Penalties :
Andrew Miller (NJD) for Tripping (Minor) at 0:41, Drew Doughty (Tor) for High sticking (Minor) at 13:54

Goalie Stats

Devan Dubnyk (NJD), 26 saves from 27 shots - (0.963), L, 14-8-2, 60:00 minutes
Cory Schneider (Tor), 30 saves from 30 shots - (1.000), W, 16-8-1, 60:00 minutes

Players Stats for Devils

Player Name              G  A  P  +/- PIM S  H  SB GA TA FO     MP     PP MP  PK MP  
------------------------------------------------------------------------------------
Ales Hemsky              0  0  0   0  0   2  0  1  3  1  0/1    21:43   7:08   0:06 
Andrew Miller            0  0  0   0  2   3  2  0  1  1  5/12   13:10   0:00   0:00 
Brad Hunt                0  0  0   0  0   1  0  0  1  1  0/0    22:26   7:08   0:52 
Brendan Shinnimin        0  0  0   0  0   0  1  0  2  0  0/2     6:42   0:00   0:00 
Chris Porter             0  0  0   0  0   0  1  0  3  0  0/0     9:12   0:00   0:06 
Chris Wideman            0  0  0   0  0   0  2  0  0  1  0/0    11:03   7:20   0:00 
David Warsofsky          0  0  0   0  0   0  0  1  0  0  0/0    13:03   0:00   0:00 
Drew Stafford            0  0  0   0  0   7  3  0  3  0  1/1    19:59   7:26   0:00 
Jason Akeson             0  0  0   0  0   1  1  2  0  0  0/0    14:33   2:04   0:00 
Matt Cullen              0  0  0   0  0   3  0  0  0  0  15/19  20:02   7:02   2:09 
Matt Greene              0  0  0   0  0   0  1  2  0  2  0/0    14:19   0:00   1:23 
Matt Irwin               0  0  0   0  0   1  0  1  0  1  0/0    14:24   0:00   1:23 
Paul Stastny             0  0  0   0  2   6  1  1  7  0  11/15  19:58   7:26   0:00 
Radko Gudas              0  0  0   0  0   1  2  2  1  0  0/0    13:55   0:00   0:52 
Scottie Upshall          0  0  0   0  0   1  2  2  3  0  0/0    20:02   7:02   2:09 
Sergei Gonchar           0  0  0   0  0   2  0  1  0  1  0/0    22:26   7:20   0:00 
Tyler Johnson            0  0  0   0  0   0  0  1  0  0  1/2    21:39   5:48   0:00 
Zach Boychuk             0  0  0   0  0   2  0  0  6  0  0/1    19:07   6:36   0:00 

Players Stats for MapleLeafs

Player Name              G  A  P  +/- PIM S  H  SB GA TA FO     MP     PP MP  PK MP  
------------------------------------------------------------------------------------
Alexander Steen          0  0  0   0  2   0  0  1  1  0  11/23  21:30   1:26   9:11 
Brandon Prust            0  0  0   0  0   0  3  0  0  1  0/1    10:43   0:00   1:21 
Carl Gunnarsson          0  0  0   0  0   1  0  3  0  2  0/0    15:43   0:00   2:54 
Dainius Zubrus           0  0  0   0  6   1  1  0  0  1  0/0    12:09   0:00   0:14 
Dan Girardi              0  1  1   0  0   0  4  2  0  2  0/0    28:20   1:34  10:48 
Dominic Moore            0  0  0   0  0   1  1  0  0  0  3/4    11:32   0:00   0:00 
Drew Doughty             0  0  0   0  4   0  3  3  0  2  0/0    25:06   1:34   6:59 
James Neal               0  0  0   0  0   3  1  0  1  1  0/1    14:20   1:26   2:15 
James van Riemsdyk       1  0  1   0  0   2  1  0  3  2  0/2    14:20   1:26   2:15 
Jeff Skinner             0  0  0   0  0   1  0  0  1  0  0/0    11:36   0:49   0:00 
Justin Williams          0  0  0   0  0   2  0  0  0  0  0/0    11:36   0:49   0:00 
Karl Alzner              0  0  0   0  0   2  0  3  0  1  0/0    18:58   0:41   3:40 
Lee Stempniak            0  0  0   0  2   4  0  0  1  1  0/0    11:34   0:00   0:13 
Marc-Edouard Vlasic      0  0  0   0  0   1  1  1  1  2  0/0    19:52   0:41   4:34 
Matt Beleskey            0  0  0   0  0   4  0  0  0  0  0/3    12:33   0:00   3:08 
Mikko Koivu              0  0  0   0  4   3  1  1  3  1  4/12   20:27   0:49   6:54 
Morgan Rielly            0  0  0   0  0   1  2  2  0  0  0/0    12:42   0:00   0:00 
Zack Smith               0  0  0   0  0   1  1  0  1  0  2/7     8:59   0:00   0:00 

3 Stars

1 - Cory Schneider (Tor)
2 - Devan Dubnyk (NJD)
3 - James van Riemsdyk (Tor)

Power Play

Devils - 0 on 9 Attempt(s) - 0.00%
MapleLeafs - 1 on 2 Attempt(s) - 50.00%

Penalty Kill

Devils - 1 on 2 Attempt(s) - 50.00% - Score 0 goal in Penalty Kill
MapleLeafs - 9 on 9 Attempt(s) - 100.00% - Score 0 goal in Penalty Kill

Team Stat

Devils - Hits : 16 - Faceoff Wins : 33 - Blocked Shots : 14 - Penalty Minutes : 4
MapleLeafs - Hits : 19 - Faceoff Wins : 20 - Blocked Shots : 16 - Penalty Minutes : 18

Official

Referees : Unknown
Linesman : Unknown

Game Notes

No Game Note

Finance

Level 1 -- Attendance: 5739 (95.65%) -- Ticket Income $459,120
Level 2 -- Attendance: 4323 (86.46%) -- Ticket Income $229,119
Level 3 -- Attendance: 2000 (100.00%) -- Ticket Income $56,000
Level 4 -- Attendance: 3566 (89.15%) -- Ticket Income $60,622
Luxury Box -- Attendance: 1000 (100.00%) -- Ticket Income $176,000
Game was played at the Air Canada Centre.
Total Attendance: 16628 (92.38%)
Total Ticket Income: $980,861
Other Income: $480,622
Total Income: $1,461,483

Devils

5 vs 5 Forward 
   Center                   Left Wing                Right Wing               Time % Phy DF OF 
 1 Paul Stastny             Tyler Johnson            Drew Stafford            38     0   0  5  
 2 Matt Cullen              Scottie Upshall          Ales Hemsky              30     1   2  2  
 3 Andrew Miller            Zach Boychuk             Jason Akeson             22     1   2  2  
 4 Brendan Shinnimin        Chris Porter             Tyler Johnson            10     1   2  2  

5 vs 5 Defense 
   Defense                  Defense                                           Time % Phy DF OF 
 1 Matt Greene              Brad Hunt                                         35     1   2  2  
 2 Radko Gudas              David Warsofsky                                   34     1   2  2  
 3 Matt Irwin               Sergei Gonchar                                    30     1   2  2  
 4 Chris Wideman            Sergei Gonchar                                    1      1   2  2  

PowerPlay Forward 
   Center                   Left Wing                Right Wing               Time % Phy DF OF 
 1 Paul Stastny             Tyler Johnson            Drew Stafford            60     0   0  5  
 2 Matt Cullen              Zach Boychuk             Scottie Upshall          40     0   0  5  

PowerPlay Defense
   Defense                  Defense                                           Time % Phy DF OF 
 1 Ales Hemsky              Brad Hunt                                         60     0   0  5  
 2 Chris Wideman            Sergei Gonchar                                    40     0   0  5  

Penalty Kill 4 Players Forward 
   Center                   Wing                     Time % Phy DF OF 
 1 Matt Cullen              Scottie Upshall          60     0   5  0  
 2 Brendan Shinnimin        Ales Hemsky              40     0   5  0  

Penalty Kill 4 Players Defense
   Defense                  Defense                  Time % Phy DF OF 
 1 Matt Greene              Matt Irwin               60     0   5  0  
 2 Radko Gudas              Brad Hunt                40     0   5  0  

Penalty Kill - 3 Players Forward 
   Forward                                           Time % Phy DF OF 
 1 Matt Cullen                                       60     0   5  0  
 2 Brendan Shinnimin                                 40     0   5  0  

Penalty Kill - 3 Players Defense
   Defense                  Defense                  Time % Phy DF OF 
 1 Matt Greene              Matt Irwin               60     0   5  0  
 2 Radko Gudas              Brad Hunt                40     0   5  0  

4 vs 4 Forward 
   Center                   Wing                     Time % Phy DF OF 
 1 Paul Stastny             Tyler Johnson            60     0   0  5  
 2 Brendan Shinnimin        Matt Cullen              40     1   3  1  

4 vs 4 Defense
   Defense                  Defense                  Time % Phy DF OF 
 1 Matt Greene              Brad Hunt                60     0   0  5  
 2 Radko Gudas              Sergei Gonchar           40     1   3  1  

Last Minutes Offensive
   Center                   Left Wing                Right Wing               Defense                  Defense                  
   Paul Stastny             Tyler Johnson            Drew Stafford            Brad Hunt                Chris Wideman            

Last Minutes Defensive
   Center                   Left Wing                Right Wing               Defense                  Defense                  
   Paul Stastny             Matt Cullen              Scottie Upshall          Matt Greene              Radko Gudas              

Goaltenders
Starting : Devan Dubnyk             
Backup : Thomas Greiss            

Extra Forwards
Normal : Tyler Johnson, Scottie Upshall, Zach Boychuk - PP : Zach Boychuk, Jason Akeson - PK : Ales Hemsky
Extra Defensemen
Normal : Chris Wideman, Matt Greene, Radko Gudas - PP : Radko Gudas - PK : Chris Wideman, David Warsofsky
Penalty Shots
Matt Cullen, Drew Stafford, Ales Hemsky, Tyler Johnson, Andrew Miller

MapleLeafs

5 vs 5 Forward 
   Center                   Left Wing                Right Wing               Time % Phy DF OF 
 1 Alexander Steen          James van Riemsdyk       James Neal               35     1   2  2  
 2 Mikko Koivu              Jeff Skinner             Justin Williams          30     1   2  2  
 3 Dominic Moore            Dainius Zubrus           Lee Stempniak            22     1   2  2  
 4 Zack Smith               Matt Beleskey            Brandon Prust            13     1   2  2  

5 vs 5 Defense 
   Defense                  Defense                                           Time % Phy DF OF 
 1 Drew Doughty             Dan Girardi                                       35     1   2  2  
 2 Marc-Edouard Vlasic      Karl Alzner                                       30     1   2  2  
 3 Morgan Rielly            Carl Gunnarsson                                   22     1   2  2  
 4 Drew Doughty             Dan Girardi                                       13     1   2  2  

PowerPlay Forward 
   Center                   Left Wing                Right Wing               Time % Phy DF OF 
 1 Alexander Steen          James van Riemsdyk       James Neal               60     1   2  2  
 2 Mikko Koivu              Jeff Skinner             Justin Williams          40     1   2  2  

PowerPlay Defense
   Defense                  Defense                                           Time % Phy DF OF 
 1 Drew Doughty             Dan Girardi                                       60     1   2  2  
 2 Marc-Edouard Vlasic      Karl Alzner                                       40     1   2  2  

Penalty Kill 4 Players Forward 
   Center                   Wing                     Time % Phy DF OF 
 1 Alexander Steen          Mikko Koivu              60     1   2  2  
 2 James van Riemsdyk       James Neal               40     1   2  2  

Penalty Kill 4 Players Defense
   Defense                  Defense                  Time % Phy DF OF 
 1 Drew Doughty             Dan Girardi              60     1   2  2  
 2 Marc-Edouard Vlasic      Karl Alzner              40     1   2  2  

Penalty Kill - 3 Players Forward 
   Forward                                           Time % Phy DF OF 
 1 Alexander Steen                                   60     1   2  2  
 2 Mikko Koivu                                       40     1   2  2  

Penalty Kill - 3 Players Defense
   Defense                  Defense                  Time % Phy DF OF 
 1 Drew Doughty             Dan Girardi              60     1   2  2  
 2 Marc-Edouard Vlasic      Karl Alzner              40     1   2  2  

4 vs 4 Forward 
   Center                   Wing                     Time % Phy DF OF 
 1 Alexander Steen          Mikko Koivu              60     1   2  2  
 2 James van Riemsdyk       James Neal               40     1   2  2  

4 vs 4 Defense
   Defense                  Defense                  Time % Phy DF OF 
 1 Drew Doughty             Dan Girardi              60     1   2  2  
 2 Marc-Edouard Vlasic      Karl Alzner              40     1   2  2  

Last Minutes Offensive
   Center                   Left Wing                Right Wing               Defense                  Defense                  
   Alexander Steen          James van Riemsdyk       James Neal               Drew Doughty             Dan Girardi              

Last Minutes Defensive
   Center                   Left Wing                Right Wing               Defense                  Defense                  
   Alexander Steen          James van Riemsdyk       James Neal               Drew Doughty             Dan Girardi              

Goaltenders
Starting : Cory Schneider           
Backup : Scott Clemmensen         

Extra Forwards
Normal : Dominic Moore, Jeff Skinner, Matt Beleskey - PP : Dominic Moore, Jeff Skinner - PK : Matt Beleskey
Extra Defensemen
Normal : Morgan Rielly, Carl Gunnarsson, Marc-Edouard Vlasic - PP : Morgan Rielly - PK : Carl Gunnarsson, Marc-Edouard Vlasic
Penalty Shots
Alexander Steen, Mikko Koivu, James van Riemsdyk, James Neal, Dainius Zubrus

% Time on Ice - Devils

Lines # - Real PCT - Wanted PCT - Time Play
Normal Forward
1 - 29% - 38% - 12:19
2 - 26% - 30% - 10:51
3 - 29% - 22% - 12:29
4 - 16% - 10% - 6:42
Normal Defense
1 - 34% - 35% - 14:12
2 - 33% - 34% - 14:01
3 - 29% - 30% - 12:19
4 - 4% - 1% - 1:49
PP Forward
1 - 51% - 60% - 7:26
2 - 49% - 40% - 7:02
PP Defense
1 - 49% - 60% - 7:08
2 - 51% - 40% - 7:20
PK Forward
1 - 100% - 60% - 2:15
2 - 0% - 40% - 0:00
PK Defense
1 - 61% - 60% - 1:23
2 - 39% - 40% - 0:52
PK3 Forward
1 - 0% - 60%
2 - 0% - 40%
PK3 Defense
1 - 0% - 60%
2 - 0% - 40%
44 Forward
1 - 0% - 60%
2 - 0% - 40%
44 Defense
1 - 0% - 60%
2 - 0% - 40%
Last Minute Offensive  - 0:56
Last Minute Defensive  - 0:00
Total
Forward - 60:00
Defense - 60:00

% Time on Ice - MapleLeafs

Lines # - Real PCT - Wanted PCT - Time Play
Normal Forward
1 - 26% - 35% - 10:56
2 - 28% - 30% - 11:52
3 - 26% - 22% - 10:55
4 - 21% - 13% - 8:59
Normal Defense
1 - 33% - 35% - 14:18
2 - 34% - 30% - 14:37
3 - 28% - 22% - 12:07
4 - 4% - 13% - 1:40
PP Forward
1 - 64% - 60% - 1:26
2 - 36% - 40% - 0:49
PP Defense
1 - 70% - 60% - 1:34
2 - 30% - 40% - 0:41
PK Forward
1 - 78% - 60% - 8:37
2 - 22% - 40% - 2:28
PK Defense
1 - 76% - 60% - 8:24
2 - 24% - 40% - 2:41
PK3 Forward
1 - 93% - 60% - 3:09
2 - 7% - 40% - 0:14
PK3 Defense
1 - 71% - 60% - 2:24
2 - 29% - 40% - 0:59
44 Forward
1 - 0% - 60%
2 - 0% - 40%
44 Defense
1 - 0% - 60%
2 - 0% - 40%
Last Minute Offensive  - 0:00
Last Minute Defensive  - 0:35
Total
Forward - 60:00
Defense - 60:00

Play by Play

1st period


0:01 of 1st period - Paul Stastny wins face-off versus Alexander Steen in neutral zone.
0:26 of 1st period - Slapshot by Paul Stastny.
0:26 of 1st period - Stopped by Cory Schneider without a rebound.
0:27 of 1st period - Matt Cullen wins face-off versus Mikko Koivu in MapleLeafs zone.
0:34 of 1st period - Slapshot by Ales Hemsky.
0:34 of 1st period - Shot Blocked by Marc-Edouard Vlasic.
0:50 of 1st period - Wrist shot by Mikko Koivu.
0:50 of 1st period - Shot Misses the Net.
0:52 of 1st period - Slapshot by Marc-Edouard Vlasic.
0:52 of 1st period - Deflect By Ales Hemsky.
0:52 of 1st period - Stopped by Devan Dubnyk with a rebound.
0:54 of 1st period - Slapshot by Karl Alzner.
0:54 of 1st period - Shot Misses the Net.
0:56 of 1st period - Snap shot by Jeff Skinner.
0:56 of 1st period - Shot Misses the Net.
0:58 of 1st period - Slapshot by Mikko Koivu.
0:58 of 1st period - Shot Misses the Net.
1:00 of 1st period - Slapshot by Karl Alzner.
1:00 of 1st period - Deflect By Justin Williams.
1:00 of 1st period - Shot Blocked by Scottie Upshall.
1:00 of 1st period - Puck is out of play.
1:01 of 1st period - Dominic Moore wins face-off versus Andrew Miller in Devils zone.
1:02 of 1st period - Wrist shot by Lee Stempniak.
1:02 of 1st period - Stopped by Devan Dubnyk with a rebound.
1:08 of 1st period - Snap shot by Andrew Miller.
1:08 of 1st period - Shot Misses the Net.
1:10 of 1st period - Snap shot by Andrew Miller.
1:10 of 1st period - Shot Hit the Post.
1:12 of 1st period - Snap shot by Zach Boychuk.
1:12 of 1st period - Shot Blocked by Morgan Rielly.
1:14 of 1st period - Snap shot by Zach Boychuk.
1:14 of 1st period - Stopped by Cory Schneider with a rebound.
1:20 of 1st period - Slapshot by Zach Boychuk.
1:20 of 1st period - Shot Blocked by Morgan Rielly.
1:22 of 1st period - Snap shot by Andrew Miller.
1:22 of 1st period - Stopped by Cory Schneider with a rebound.
1:24 of 1st period - Slapshot by Sergei Gonchar.
1:24 of 1st period - Deflect By Andrew Miller.
1:24 of 1st period - Deflect By Dominic Moore.
1:24 of 1st period - Stopped by Cory Schneider with a rebound.
2:21 of 1st period - Snap shot by Matt Beleskey.
2:21 of 1st period - Shot Misses the Net.
2:23 of 1st period - Wrist shot by Marc-Edouard Vlasic.
2:23 of 1st period - Deflect By Matt Beleskey.
2:23 of 1st period - Stopped by Devan Dubnyk with a rebound.
2:25 of 1st period - Wrist shot by Karl Alzner.
2:25 of 1st period - Shot Blocked by Matt Greene.
2:27 of 1st period - Slapshot by Zack Smith.
2:27 of 1st period - Stopped by Devan Dubnyk without a rebound.
2:28 of 1st period - Matt Cullen wins face-off versus Alexander Steen in Devils zone.
2:56 of 1st period - Snap shot by Scottie Upshall.
2:56 of 1st period - Shot Hit the Post.
3:00 of 1st period - Snap shot by Scottie Upshall.
3:00 of 1st period - Shot Blocked by Drew Doughty.
3:02 of 1st period - Slapshot by Radko Gudas.
3:02 of 1st period - Shot Blocked by Alexander Steen.
3:26 of 1st period - Dan Girardi is hit by Chris Porter and loses puck.
3:39 of 1st period - Slapshot by Drew Doughty.
3:39 of 1st period - Shot Blocked by Tyler Johnson.
4:51 of 1st period - Snap shot by Lee Stempniak.
4:51 of 1st period - Stopped by Devan Dubnyk with a rebound.
4:53 of 1st period - Slapshot by Carl Gunnarsson.
4:53 of 1st period - Stopped by Devan Dubnyk with a rebound.
4:55 of 1st period - Slapshot by Dainius Zubrus.
4:55 of 1st period - Stopped by Devan Dubnyk without a rebound.
4:56 of 1st period - Matt Cullen wins face-off versus Dominic Moore in Devils zone.
5:05 of 1st period - Slapshot by Matt Irwin.
5:05 of 1st period - Shot Misses the Net.
5:07 of 1st period - Slapshot by Matt Cullen.
5:07 of 1st period - Stopped by Cory Schneider with a rebound.
5:23 of 1st period - Backhand shot by Ales Hemsky.
5:23 of 1st period - Stopped by Cory Schneider without a rebound.
5:24 of 1st period - Andrew Miller wins face-off versus Alexander Steen in MapleLeafs zone.
6:49 of 1st period - Matt Greene is hit by Brandon Prust and loses puck.
6:58 of 1st period - Snap shot by Matt Beleskey.
6:58 of 1st period - Stopped by Devan Dubnyk with a rebound.
7:00 of 1st period - Slapshot by Drew Doughty.
7:00 of 1st period - Shot Blocked by Matt Greene.
7:32 of 1st period - Snap shot by Dainius Zubrus.
7:32 of 1st period - Shot Blocked by Jason Akeson.
8:02 of 1st period - Minor Penalty to Dainius Zubrus for High sticking.
8:03 of 1st period - Matt Cullen wins face-off versus Mikko Koivu in MapleLeafs zone.
8:41 of 1st period - Dan Girardi is hit by Drew Stafford and loses puck.
9:08 of 1st period - Wrist shot by Scottie Upshall.
9:08 of 1st period - Shot Misses the Net.
9:10 of 1st period - Wrist shot by Scottie Upshall.
9:10 of 1st period - Deflect By Drew Doughty.
9:10 of 1st period - Shot Hit the Post.
9:10 of 1st period - Puck is out of play.
9:11 of 1st period - Alexander Steen wins face-off versus Zach Boychuk in MapleLeafs zone.
9:20 of 1st period - Wrist shot by Drew Stafford.
9:20 of 1st period - Stopped by Cory Schneider with a rebound.
10:02 of 1st period - Penalty to Dainius Zubrus is over, Dainius Zubrus is back on ice.
10:18 of 1st period - Wrist shot by Zach Boychuk.
10:18 of 1st period - Stopped by Cory Schneider with a rebound.
10:50 of 1st period - Wrist shot by Matt Beleskey.
10:50 of 1st period - Shot Misses the Net.
10:52 of 1st period - Snap shot by Carl Gunnarsson.
10:52 of 1st period - Shot Misses the Net.
12:06 of 1st period - Zach Boychuk is hit by Drew Doughty and loses puck.
13:07 of 1st period - Slapshot by Marc-Edouard Vlasic.
13:07 of 1st period - Shot Misses the Net.
13:34 of 1st period - Slapshot by Dan Girardi.
13:34 of 1st period - Deflect By Mikko Koivu.
13:34 of 1st period - Shot Misses the Net.
13:34 of 1st period - Puck is out of play.
13:35 of 1st period - Paul Stastny wins face-off versus Mikko Koivu in Devils zone.
14:00 of 1st period - Minor Penalty to Lee Stempniak for Roughing.
14:01 of 1st period - Paul Stastny wins face-off versus Alexander Steen in MapleLeafs zone.
14:02 of 1st period - Wrist shot by Drew Stafford.
14:02 of 1st period - Shot Hit the Post.
14:13 of 1st period - Minor Penalty to Drew Doughty for Tripping.
14:14 of 1st period - Alexander Steen wins face-off versus Paul Stastny in MapleLeafs zone.
16:00 of 1st period - Penalty to Lee Stempniak is over, Lee Stempniak is back on ice.
16:03 of 1st period - Mikko Koivu is hit by Drew Stafford and loses puck.
16:13 of 1st period - Penalty to Drew Doughty is over, Drew Doughty is back on ice.
16:50 of 1st period - Wrist shot by Matt Beleskey.
16:50 of 1st period - Stopped by Devan Dubnyk without a rebound.
16:51 of 1st period - Andrew Miller wins face-off versus Zack Smith in Devils zone.
17:03 of 1st period - Karl Alzner is hit by Andrew Miller and loses puck.
17:10 of 1st period - Jason Akeson is hit by Brandon Prust and loses puck.
17:51 of 1st period - Slapshot by Drew Stafford.
17:51 of 1st period - Shot Misses the Net.
17:53 of 1st period - Snap shot by Paul Stastny.
17:53 of 1st period - Shot Misses the Net.
17:55 of 1st period - Wrist shot by Drew Stafford.
17:55 of 1st period - Stopped by Cory Schneider with a rebound.
18:01 of 1st period - Minor Penalty to Dainius Zubrus for Cross-checking.
18:02 of 1st period - Alexander Steen wins face-off versus Matt Cullen in MapleLeafs zone.
18:19 of 1st period - Slapshot by Matt Cullen.
18:19 of 1st period - Shot Blocked by Mikko Koivu.
18:21 of 1st period - Slapshot by Scottie Upshall.
18:21 of 1st period - Shot Blocked by Dan Girardi.
18:45 of 1st period - Drew Stafford is hit by Drew Doughty and loses puck.
19:10 of 1st period - Slapshot by Ales Hemsky.
19:10 of 1st period - Deflect By Matt Cullen.
19:10 of 1st period - Shot Misses the Net.
19:10 of 1st period - Puck is out of play.
19:11 of 1st period - Matt Cullen wins face-off versus James van Riemsdyk in MapleLeafs zone.
Goals for this period are 0 for Devils vs 0 for MapleLeafs.
Shots for this period are 9 for Devils vs 9 for MapleLeafs.

2nd period


0:01 of 2nd period - Penalty to Dainius Zubrus is over, Dainius Zubrus is back on ice.
0:01 of 2nd period - Alexander Steen wins face-off versus Paul Stastny in neutral zone.
0:12 of 2nd period - Wrist shot by Mikko Koivu.
0:12 of 2nd period - Stopped by Devan Dubnyk with a rebound.
0:22 of 2nd period - Snap shot by Tyler Johnson.
0:22 of 2nd period - Deflect By Paul Stastny.
0:22 of 2nd period - Stopped by Cory Schneider with a rebound.
0:54 of 2nd period - Snap shot by Zach Boychuk.
0:54 of 2nd period - Shot Blocked by Drew Doughty.
0:56 of 2nd period - Slapshot by Sergei Gonchar.
0:56 of 2nd period - Stopped by Cory Schneider without a rebound.
0:57 of 2nd period - Andrew Miller wins face-off versus Zack Smith in MapleLeafs zone.
0:58 of 2nd period - Slapshot by Sergei Gonchar.
0:58 of 2nd period - Stopped by Cory Schneider without a rebound.
0:59 of 2nd period - Zack Smith wins face-off versus Andrew Miller in MapleLeafs zone.
1:16 of 2nd period - Sergei Gonchar is hit by Zack Smith and loses puck.
2:36 of 2nd period - Snap shot by Drew Doughty.
2:36 of 2nd period - Shot Blocked by Scottie Upshall.
3:27 of 2nd period - Minor Penalty to Paul Stastny for Hooking.
3:28 of 2nd period - Matt Cullen wins face-off versus James van Riemsdyk in Devils zone.
3:43 of 2nd period - Wrist shot by James van Riemsdyk.
3:43 of 2nd period - Goal by James van Riemsdyk - Devils : 0 - MapleLeafs : 1.
3:44 of 2nd period - Paul Stastny wins face-off versus Mikko Koivu in neutral zone.
4:08 of 2nd period - Snap shot by Jeff Skinner.
4:08 of 2nd period - Shot Misses the Net.
4:10 of 2nd period - Snap shot by Justin Williams.
4:10 of 2nd period - Stopped by Devan Dubnyk with a rebound.
4:12 of 2nd period - Snap shot by Mikko Koivu.
4:12 of 2nd period - Stopped by Devan Dubnyk with a rebound.
4:14 of 2nd period - Snap shot by Mikko Koivu.
4:14 of 2nd period - Shot Blocked by Paul Stastny.
4:16 of 2nd period - Snap shot by Jeff Skinner.
4:16 of 2nd period - Stopped by Devan Dubnyk without a rebound.
4:17 of 2nd period - Andrew Miller wins face-off versus Alexander Steen in Devils zone.
4:53 of 2nd period - Matt Greene is hit by Dan Girardi and loses puck.
5:17 of 2nd period - Matt Irwin is hit by Dainius Zubrus and loses puck.
5:25 of 2nd period - Off-side.
5:26 of 2nd period - Paul Stastny wins face-off versus Mikko Koivu in neutral zone.
5:35 of 2nd period - Matt Irwin is hit by Morgan Rielly and loses puck.
6:18 of 2nd period - Icing by Carl Gunnarsson.
6:19 of 2nd period - Matt Cullen wins face-off versus Zack Smith in MapleLeafs zone.
6:28 of 2nd period - Snap shot by Matt Cullen.
6:28 of 2nd period - Stopped by Cory Schneider without a rebound.
6:29 of 2nd period - Andrew Miller wins face-off versus Alexander Steen in MapleLeafs zone.
6:35 of 2nd period - Minor Penalty to Alexander Steen for Interference.
6:36 of 2nd period - Matt Cullen wins face-off versus Matt Beleskey in MapleLeafs zone.
6:43 of 2nd period - Snap shot by Scottie Upshall.
6:43 of 2nd period - Shot Blocked by Drew Doughty.
6:45 of 2nd period - Snap shot by Scottie Upshall.
6:45 of 2nd period - Shot Misses the Net.
7:01 of 2nd period - Snap shot by Brad Hunt.
7:01 of 2nd period - Shot Blocked by Dan Girardi.
7:03 of 2nd period - Backhand shot by Brad Hunt.
7:03 of 2nd period - Deflect By Drew Doughty.
7:03 of 2nd period - Stopped by Cory Schneider without a rebound.
7:04 of 2nd period - Paul Stastny wins face-off versus Matt Beleskey in MapleLeafs zone.
7:27 of 2nd period - Snap shot by Drew Stafford.
7:27 of 2nd period - Stopped by Cory Schneider with a rebound.
7:33 of 2nd period - Wrist shot by Drew Stafford.
7:33 of 2nd period - Stopped by Cory Schneider with a rebound.
7:35 of 2nd period - Wrist shot by Ales Hemsky.
7:35 of 2nd period - Stopped by Cory Schneider without a rebound.
7:36 of 2nd period - Matt Cullen wins face-off versus Brandon Prust in MapleLeafs zone.
8:08 of 2nd period - Minor Penalty to Mikko Koivu for Hooking.
8:09 of 2nd period - Paul Stastny wins face-off versus Matt Beleskey in MapleLeafs zone.
8:35 of 2nd period - Penalty to Alexander Steen is over, Alexander Steen is back on ice.
8:57 of 2nd period - Zach Boychuk is hit by Dan Girardi and loses puck.
9:08 of 2nd period - Drew Doughty is hit by Chris Wideman and loses puck.
9:21 of 2nd period - Chris Wideman is hit by Dan Girardi and loses puck.
10:08 of 2nd period - Penalty to Mikko Koivu is over, Mikko Koivu is back on ice.
10:13 of 2nd period - Mikko Koivu is hit by Scottie Upshall and loses puck.
10:24 of 2nd period - Carl Gunnarsson is hit by Chris Wideman and loses puck.
11:04 of 2nd period - Wrist shot by Lee Stempniak.
11:04 of 2nd period - Shot Blocked by Radko Gudas.
11:06 of 2nd period - Snap shot by Lee Stempniak.
11:06 of 2nd period - Stopped by Devan Dubnyk with a rebound.
11:08 of 2nd period - Wrist shot by Lee Stempniak.
11:08 of 2nd period - Stopped by Devan Dubnyk with a rebound.
13:17 of 2nd period - Icing by Justin Williams.
13:18 of 2nd period - Mikko Koivu wins face-off versus Brendan Shinnimin in MapleLeafs zone.
13:18 of 2nd period - Mikko Koivu is hit by Radko Gudas.
13:58 of 2nd period - David Warsofsky is hit by James Neal and loses puck.
14:30 of 2nd period - Icing by Carl Gunnarsson.
14:31 of 2nd period - Paul Stastny wins face-off versus Zack Smith in MapleLeafs zone.
14:34 of 2nd period - Snap shot by Paul Stastny.
14:34 of 2nd period - Stopped by Cory Schneider with a rebound.
16:23 of 2nd period - Slapshot by Scottie Upshall.
16:23 of 2nd period - Shot Misses the Net.
16:27 of 2nd period - Snap shot by Ales Hemsky.
16:27 of 2nd period - Deflect By Scottie Upshall.
16:27 of 2nd period - Shot Blocked by Karl Alzner.
16:27 of 2nd period - Puck is out of play.
16:28 of 2nd period - Matt Cullen wins face-off versus Zack Smith in MapleLeafs zone.
16:47 of 2nd period - Dan Girardi is hit by Paul Stastny and loses puck.
17:19 of 2nd period - Minor Penalty to Dainius Zubrus for Tripping.
17:20 of 2nd period - Matt Cullen wins face-off versus Alexander Steen in MapleLeafs zone.
18:07 of 2nd period - Minor Penalty to Mikko Koivu for Hooking.
18:08 of 2nd period - Alexander Steen wins face-off versus Matt Cullen in MapleLeafs zone.
19:19 of 2nd period - Penalty to Dainius Zubrus is over, Dainius Zubrus is back on ice.
19:32 of 2nd period - Snap shot by Drew Stafford.
19:32 of 2nd period - Stopped by Cory Schneider without a rebound.
19:33 of 2nd period - Paul Stastny wins face-off versus Alexander Steen in MapleLeafs zone.
19:34 of 2nd period - Wrist shot by Drew Stafford.
19:34 of 2nd period - Stopped by Cory Schneider without a rebound.
19:35 of 2nd period - Drew Stafford wins face-off versus Alexander Steen in MapleLeafs zone.
19:40 of 2nd period - Snap shot by Paul Stastny.
19:40 of 2nd period - Shot Misses the Net.
19:42 of 2nd period - Slapshot by Brad Hunt.
19:42 of 2nd period - Shot Misses the Net.
Goals for this period are 0 for Devils vs 1 for MapleLeafs.
Shots for this period are 11 for Devils vs 7 for MapleLeafs.

3rd period


0:01 of 3rd period - Alexander Steen wins face-off versus Paul Stastny in neutral zone.
0:07 of 3rd period - Penalty to Mikko Koivu is over, Mikko Koivu is back on ice.
0:32 of 3rd period - Off-side.
0:33 of 3rd period - Dominic Moore wins face-off versus Andrew Miller in neutral zone.
0:41 of 3rd period - Minor Penalty to Andrew Miller for Tripping.
0:42 of 3rd period - Matt Cullen wins face-off versus Alexander Steen in Devils zone.
0:54 of 3rd period - Slapshot by James van Riemsdyk.
0:54 of 3rd period - Stopped by Devan Dubnyk with a rebound.
0:56 of 3rd period - Snap shot by Dan Girardi.
0:56 of 3rd period - Deflect By James Neal.
0:56 of 3rd period - Shot Misses the Net.
0:56 of 3rd period - Puck is out of play.
0:57 of 3rd period - Matt Cullen wins face-off versus Alexander Steen in Devils zone.
0:57 of 3rd period - Matt Cullen is hit by Dan Girardi.
1:13 of 3rd period - Snap shot by James Neal.
1:13 of 3rd period - Shot Misses the Net.
1:15 of 3rd period - Slapshot by Dan Girardi.
1:15 of 3rd period - Shot Misses the Net.
1:53 of 3rd period - Wrist shot by Scottie Upshall.
1:53 of 3rd period - Stopped by Cory Schneider without a rebound.
1:54 of 3rd period - Matt Cullen wins face-off versus Mikko Koivu in MapleLeafs zone.
2:26 of 3rd period - Wrist shot by James Neal.
2:26 of 3rd period - Stopped by Devan Dubnyk with a rebound.
2:28 of 3rd period - Snap shot by Karl Alzner.
2:28 of 3rd period - Stopped by Devan Dubnyk with a rebound.
2:30 of 3rd period - Backhand shot by James van Riemsdyk.
2:30 of 3rd period - Shot Misses the Net.
2:32 of 3rd period - Wrist shot by Karl Alzner.
2:32 of 3rd period - Shot Misses the Net.
2:34 of 3rd period - Wrist shot by James Neal.
2:34 of 3rd period - Deflect By James van Riemsdyk.
2:34 of 3rd period - Shot Blocked by Radko Gudas.
2:34 of 3rd period - Puck is out of play.
2:35 of 3rd period - Alexander Steen wins face-off versus Ales Hemsky in Devils zone.
2:41 of 3rd period - Penalty to Andrew Miller is over, Andrew Miller is back on ice.
2:42 of 3rd period - Slapshot by James Neal.
2:42 of 3rd period - Stopped by Devan Dubnyk with a rebound.
2:44 of 3rd period - Snap shot by Alexander Steen.
2:44 of 3rd period - Shot Misses the Net.
2:46 of 3rd period - Wrist shot by Alexander Steen.
2:46 of 3rd period - Shot Misses the Net.
3:02 of 3rd period - Snap shot by Drew Doughty.
3:02 of 3rd period - Shot Blocked by Matt Irwin.
3:04 of 3rd period - Wrist shot by Dominic Moore.
3:04 of 3rd period - Stopped by Devan Dubnyk with a rebound.
3:18 of 3rd period - Snap shot by Lee Stempniak.
3:18 of 3rd period - Shot Blocked by Ales Hemsky.
3:22 of 3rd period - Slapshot by Dominic Moore.
3:22 of 3rd period - Deflect By Dainius Zubrus.
3:22 of 3rd period - Shot Misses the Net.
3:22 of 3rd period - Puck is out of play.
3:23 of 3rd period - Paul Stastny wins face-off versus Mikko Koivu in Devils zone.
3:34 of 3rd period - Morgan Rielly is hit by Drew Stafford and loses puck.
3:53 of 3rd period - Slapshot by Morgan Rielly.
3:53 of 3rd period - Deflect By Drew Stafford.
3:53 of 3rd period - Stopped by Devan Dubnyk with a rebound.
5:41 of 3rd period - Ales Hemsky is hit by Drew Doughty and loses puck.
6:07 of 3rd period - Drew Doughty is hit by Jason Akeson and loses puck.
6:25 of 3rd period - Dainius Zubrus is hit by Matt Greene and loses puck.
6:56 of 3rd period - Snap shot by Jeff Skinner.
6:56 of 3rd period - Deflect By Justin Williams.
6:56 of 3rd period - Shot Misses the Net.
6:56 of 3rd period - Puck is out of play.
6:57 of 3rd period - Mikko Koivu wins face-off versus Matt Cullen in Devils zone.
6:58 of 3rd period - Snap shot by Jeff Skinner.
6:58 of 3rd period - Shot Misses the Net.
7:08 of 3rd period - Wrist shot by Mikko Koivu.
7:08 of 3rd period - Stopped by Devan Dubnyk with a rebound.
7:10 of 3rd period - Wrist shot by Marc-Edouard Vlasic.
7:10 of 3rd period - Shot Blocked by David Warsofsky.
7:12 of 3rd period - Wrist shot by Justin Williams.
7:12 of 3rd period - Stopped by Devan Dubnyk without a rebound.
7:13 of 3rd period - Alexander Steen wins face-off versus Andrew Miller in Devils zone.
7:24 of 3rd period - Wrist shot by Zach Boychuk.
7:24 of 3rd period - Deflect By Andrew Miller.
7:24 of 3rd period - Shot Blocked by Carl Gunnarsson.
7:24 of 3rd period - Puck is out of play.
7:25 of 3rd period - Alexander Steen wins face-off versus Andrew Miller in MapleLeafs zone.
7:44 of 3rd period - Snap shot by Andrew Miller.
7:44 of 3rd period - Stopped by Cory Schneider with a rebound.
7:46 of 3rd period - Wrist shot by Jason Akeson.
7:46 of 3rd period - Stopped by Cory Schneider without a rebound.
7:47 of 3rd period - Paul Stastny wins face-off versus Mikko Koivu in MapleLeafs zone.
8:08 of 3rd period - Wrist shot by Paul Stastny.
8:08 of 3rd period - Stopped by Cory Schneider without a rebound.
8:09 of 3rd period - Matt Cullen wins face-off versus James Neal in MapleLeafs zone.
8:48 of 3rd period - Snap shot by Andrew Miller.
8:48 of 3rd period - Shot Blocked by Carl Gunnarsson.
8:50 of 3rd period - Slapshot by Brad Hunt.
8:50 of 3rd period - Shot Blocked by Carl Gunnarsson.
8:52 of 3rd period - Slapshot by Matt Greene.
8:52 of 3rd period - Deflect By Zach Boychuk.
8:52 of 3rd period - Shot Misses the Net.
8:52 of 3rd period - Puck is out of play.
8:53 of 3rd period - Mikko Koivu wins face-off versus Andrew Miller in MapleLeafs zone.
8:57 of 3rd period - Drew Doughty is hit by Andrew Miller and loses puck.
9:46 of 3rd period - Slapshot by Lee Stempniak.
9:46 of 3rd period - Shot Misses the Net.
9:48 of 3rd period - Snap shot by Dainius Zubrus.
9:48 of 3rd period - Shot Blocked by Jason Akeson.
9:50 of 3rd period - Snap shot by Karl Alzner.
9:50 of 3rd period - Shot Blocked by Sergei Gonchar.
9:52 of 3rd period - Slapshot by Karl Alzner.
9:52 of 3rd period - Stopped by Devan Dubnyk without a rebound.
9:53 of 3rd period - Dominic Moore wins face-off versus Paul Stastny in Devils zone.
9:58 of 3rd period - Wrist shot by Lee Stempniak.
9:58 of 3rd period - Shot Misses the Net.
10:00 of 3rd period - Wrist shot by Marc-Edouard Vlasic.
10:00 of 3rd period - Shot Misses the Net.
10:12 of 3rd period - Snap shot by Drew Stafford.
10:12 of 3rd period - Stopped by Cory Schneider with a rebound.
10:16 of 3rd period - Slapshot by Paul Stastny.
10:16 of 3rd period - Stopped by Cory Schneider with a rebound.
10:18 of 3rd period - Wrist shot by Radko Gudas.
10:18 of 3rd period - Stopped by Cory Schneider with a rebound.
10:51 of 3rd period - Slapshot by Matt Cullen.
10:51 of 3rd period - Stopped by Cory Schneider without a rebound.
10:52 of 3rd period - Mikko Koivu wins face-off versus Matt Cullen in MapleLeafs zone.
11:03 of 3rd period - Ales Hemsky is hit by Mikko Koivu and loses puck.
11:50 of 3rd period - Icing by Brendan Shinnimin.
11:51 of 3rd period - Zack Smith wins face-off versus Tyler Johnson in Devils zone.
11:52 of 3rd period - Backhand shot by Matt Beleskey.
11:52 of 3rd period - Stopped by Devan Dubnyk without a rebound.
11:53 of 3rd period - Alexander Steen wins face-off versus Brendan Shinnimin in Devils zone.
11:56 of 3rd period - Snap shot by James Neal.
11:56 of 3rd period - Stopped by Devan Dubnyk with a rebound.
12:06 of 3rd period - Wrist shot by Tyler Johnson.
12:06 of 3rd period - Shot Misses the Net.
12:11 of 3rd period - Slapshot by Sergei Gonchar.
12:11 of 3rd period - Deflect By Tyler Johnson.
12:11 of 3rd period - Shot Misses the Net.
12:11 of 3rd period - Puck is out of play.
12:12 of 3rd period - Alexander Steen wins face-off versus Andrew Miller in MapleLeafs zone.
13:07 of 3rd period - Wrist shot by Tyler Johnson.
13:07 of 3rd period - Shot Blocked by Karl Alzner.
13:09 of 3rd period - Slapshot by Matt Irwin.
13:09 of 3rd period - Stopped by Cory Schneider with a rebound.
13:11 of 3rd period - Slapshot by Matt Irwin.
13:11 of 3rd period - Shot Blocked by Karl Alzner.
13:13 of 3rd period - Snap shot by Paul Stastny.
13:13 of 3rd period - Stopped by Cory Schneider with a rebound.
13:15 of 3rd period - Slapshot by Matt Irwin.
13:15 of 3rd period - Shot Misses the Net.
13:54 of 3rd period - Minor Penalty to Drew Doughty for High sticking.
13:55 of 3rd period - Tyler Johnson wins face-off versus Alexander Steen in MapleLeafs zone.
14:35 of 3rd period - Dan Girardi is hit by Scottie Upshall and loses puck.
14:48 of 3rd period - Matt Cullen is hit by James van Riemsdyk and loses puck.
15:41 of 3rd period - Sergei Gonchar is hit by Marc-Edouard Vlasic and loses puck.
15:54 of 3rd period - Penalty to Drew Doughty is over, Drew Doughty is back on ice.
16:52 of 3rd period - Dainius Zubrus is hit by Radko Gudas.
17:06 of 3rd period - Matt Beleskey is hit by Brendan Shinnimin and loses puck.
17:41 of 3rd period - Jason Akeson is hit by Brandon Prust and loses puck.
17:48 of 3rd period - Slapshot by Matt Greene.
17:48 of 3rd period - Shot Misses the Net.
18:54 of 3rd period - Wrist shot by James Neal.
18:54 of 3rd period - Shot Misses the Net.
19:12 of 3rd period - Brad Hunt is hit by Dominic Moore and loses puck.
19:38 of 3rd period - Paul Stastny is hit by Morgan Rielly and loses puck.
Goals for this period are 0 for Devils vs 0 for MapleLeafs.
Shots for this period are 10 for Devils vs 11 for MapleLeafs.